 Dungeon Crawl Stone Soup version 0.29.0-4-gdea44cf6ec (webtiles) character file.

Game seed: 1485663070179054659

151 qw the Chopper (level 5, -3/41 HPs)
             Began as a Demonspawn Cinder Acolyte on Sept 9, 2022.
             Was a Priest of Ignis.
             Slain by Duvessa
             ... wielding a +4 short sword of speed
              (7 damage)
             ... on level 3 of the Dungeon.
             The game lasted 00:01:00 (3504 turns).

qw the Chopper (Demonspawn Cinder Acolyte)          Turns: 3504, Time: 00:01:01

Health: -3/41      AC: 21    Str: 16    XL:     5   Next: 10%
Magic:  6/6        EV:  8    Int: 15    God:    Ignis [***...]
Gold:   39         SH:  0    Dex:  9    Spells: 6/6 levels left

rFire   + . .      SeeInvis .   Y - -1 hand axe (flame)
rCold   . . .      Faith    .   (no shield)
rNeg    . . .      Spirit   .   g - +0 chain mail
rPois   .          Reflect  .   (no helmet)
rElec   .          Harm     .   b - +2 cloak
rCorr   .          Rampage  .   i - +2 pair of gloves
Will    .....                   (no boots)
Stlth   ..........              n - amulet of regeneration
HPRegen 0.93/turn               (no ring)
MPRegen 0.10/turn               (no ring)

@: fiery-armoured
A: hooves 1, demonic guardian 1, sturdy frame 1
a: Renounce Religion, Fiery Armour, Foxfire Swarm, Rising Flame


You were on level 3 of the Dungeon.
You worshipped Ignis.
Ignis was most pleased with you.
You visited 1 branch of the dungeon, and saw 4 of its levels.

You collected 159 gold pieces.
You spent 120 gold pieces at shops.


Innate Abilities, Weirdness & Mutations

You have large cloven feet.
A weak demonic guardian rushes to your aid.
Your movements are slightly less encumbered by armour. (ER -2)


   Skills:
 - Level 3.0 Fighting
 - Level 5.1 Axes
 + Level 0.4 Armour
 - Level 1.0 Dodging
 - Level 1.0 Spellcasting
 - Level 2.6 Fire Magic


You had 6 spell levels left.
You didn't know any spells.
Your spell library contained the following spells:

 Spells                   Type           Power      Damage    Failure   Level
 Scorch                   Fire           16%        2d6       75%         2

Inventory:

Hand Weapons
 Y - a -1 hand axe of flaming (weapon)
Armour
 b - a +2 cloak (worn)
 g - a +0 chain mail (worn)
 i - a +2 pair of gloves (worn)
Jewellery
 d - a ring of fire
 n - an amulet of regeneration (around neck)
Scrolls
 h - a scroll of identify
Potions
 c - a potion of might
 f - a potion of curing
 j - a potion of cancellation {unknown}

Dungeon Overview and Level Annotations

Branches:
Dungeon (4/15)
 Temple: D:4-7

Altars:

Shops:
D:1 =   D:3 [

Annotations:
D:3 Dowan, Duvessa


Message History

You hit Dowan. You burn Dowan.
Duvessa hits you with a +4 short sword of speed!
Dowan hits you but does no damage.
Dowan is burned by your cloak of flames.
Dowan is heavily wounded.
Duvessa hits you but does no damage.
Duvessa is burned by your cloak of flames.
Duvessa is severely wounded.
You hit Duvessa but do no damage.
Duvessa is severely wounded.
You hit Dowan but do no damage. Dowan hits you but does no damage.
Dowan is burned by your cloak of flames.
Dowan is heavily wounded.
Duvessa hits you with a +4 short sword of speed.
You hit Duvessa. You burn Duvessa. Your kick misses Duvessa.
Duvessa is severely wounded.
You hit Dowan. You burn Dowan. Dowan hits you but does no damage.
Dowan is burned by your cloak of flames.
Dowan is severely wounded.
Duvessa hits you with a +4 short sword of speed!
Duvessa is burned by your cloak of flames.
Duvessa is almost dead.
Duvessa barely misses you.
You barely miss Duvessa.
Duvessa is almost dead.
You miss Dowan. Dowan hits you with a +0 dagger.
Dowan is burned by your cloak of flames.
Dowan is severely wounded.
Duvessa hits you with a +4 short sword of speed.
A demonic guardian appears!
Duvessa is burned by your cloak of flames.
Duvessa is almost dead.
Dowan hits you but does no damage.
Dowan is burned by your cloak of flames.
Dowan is almost dead.
Duvessa hits you with a +4 short sword of speed!
You die...

##.## #.##.#..#[..##.#..#..##
#.!# #.##.##.....#..##....##
#.######.##.##....#........###
#..............#.....###.#.##.
####.........#.#............<.
#....................##.###
#........##)#..#.##........
###........#.................
##...#....[.e@e...)..####..###
#..##..#....5........####.####
#.............................
########..............###.###.
##############.# #.# ##
#.###.# #..#..# ##...## #####


You could see Duvessa (ally target), Dowan and a friendly quasit (summoned).

Vanquished Creatures
  Natasha (twice) (D:2)
  2 adders (D:2)
  2 dart slugs (D:2)
  5 endoplasms
  3 giant cockroaches
  6 goblins
  10 hobgoblins
  4 kobolds
  3 quokkas
  6 ball pythons
  A bat (D:2)
  3 frilled lizards (D:1)
  3 rats
50 creatures vanquished.

Vanquished Creatures (collateral kills)
  Natasha (D:2)
  A frilled lizard (D:1)
  2 kobolds (D:1)
4 creatures vanquished.

Grand Total: 54 creatures vanquished

Notes
Turn   | Place    | Note
-------+----------+-------------------------------------------
     0 | D:1      | qw the Demonspawn Cinder Acolyte began the quest for the
                  | Orb.
     0 | D:1      | Reached XP level 1. HP: 18/18 MP: 2/2
     0 | D:1      | 0 ||| qw: Version: 0.1-a-113-g051387a
     0 | D:1      | 0 ||| qw: Game counter: 7021
     0 | D:1      | 0 ||| qw: Always use a shield: true
     0 | D:1      | 0 ||| qw: God list: Okawaru
     0 | D:1      | 0 ||| qw: Allow faded altars: false
     0 | D:1      | 0 ||| qw: Do Orc after D:15 true
     0 | D:1      | 0 ||| qw: Do second Lair branch before Depths: true
     0 | D:1      | 0 ||| qw: Lair rune preference: random
     0 | D:1      | 0 ||| qw: Plans: Normal
     0 | D:1      | 0 ||| PLANNING D:1-11
    28 | D:1      | 28 ||| INVOKING Fiery Armour.
    29 | D:1      | Reached skill level 3 in Axes
   249 | D:1      | 249 ||| INVOKING Fiery Armour.
   446 | D:1      | HP: 4/18 [hobgoblin (4)]
   447 | D:1      | 447 ||| INVOKING Fiery Armour.
   448 | D:1      | Gained mutation: A weak demonic guardian rushes to your
                  | aid. [demonic ancestry]
   448 | D:1      | Reached XP level 2. HP: 5/24 MP: 3/3
   699 | D:1      | 699 ||| Stepping ~*~*~tactically~*~*~ (stealth).
   841 | D:1      | Found Qirhukiy's Jewellery Shoppe.
   849 | D:1      | 849 ||| SHOPLISTING +6 ring of dexterity (432 gold, have
                  | 28).
   849 | D:1      | 849 ||| SHOPLISTING amulet of the acrobat (360 gold, have
                  | 28).
   849 | D:1      | 849 ||| SHOPLISTING ring of poison resistance (240 gold,
                  | have 28).
   849 | D:1      | 849 ||| SHOPLISTING ring of positive energy (240 gold, have
                  | 28).
   849 | D:1      | 849 ||| SHOPLISTING ring of protection from fire (300 gold,
                  | have 28).
   889 | D:1      | Found a faded altar of an unknown god.
   905 | D:1      | 905 ||| Stepping ~*~*~tactically~*~*~ (stealth).
   906 | D:1      | 906 ||| Stepping ~*~*~tactically~*~*~ (stealth).
   969 | D:1      | 969 ||| INVOKING Fiery Armour.
  1146 | D:1      | 1146 ||| Stepping ~*~*~tactically~*~*~ (stealth).
  1596 | D:1      | 1596 ||| READING scroll labelled ENAOZE BOAMPI.
  1597 | D:1      | 1597 ||| READING scroll labelled OROATU XASHRIY.
  1598 | D:1      | 1598 ||| READING 4 scrolls labelled IRUGHI ALEANNI.
  1599 | D:1      | 1599 ||| DRINKING 2 fuming golden potions.
  1600 | D:1      | 1600 ||| READING 3 scrolls of identify.
  1600 | D:1      | 1600 ||| IDENTIFYING red potion
  1601 | D:1      | 1601 ||| READING 2 scrolls of identify.
  1601 | D:1      | 1601 ||| IDENTIFYING golden potion
  1602 | D:1      | 1602 ||| DROPPING potion of berserk rage.
  1632 | D:2      | 1632 ||| Stepping ~*~*~tactically~*~*~ (stealth).
  1640 | D:2      | 1640 ||| INVOKING Fiery Armour.
  1640 | D:2      | HP: 6/24 [poisoned by an adder]
  1641 | D:2      | 1641 ||| DRINKING potion of heal wounds.
  1643 | D:2      | Gained mutation: Your movements are slightly less
                  | encumbered by armour. (ER -2) [demonic ancestry]
  1643 | D:2      | Reached XP level 3. HP: 27/29 MP: 4/4
  1693 | D:2      | Noticed Natasha
  1698 | D:2      | Killed Natasha
  1699 | D:2      | Reached skill level 4 in Axes
  1703 | D:2      | 1703 ||| Stepping ~*~*~tactically~*~*~ (stealth).
  1704 | D:2      | 1704 ||| Stepping ~*~*~tactically~*~*~ (stealth).
  1732 | D:2      | 1732 ||| Stepping ~*~*~tactically~*~*~ (stealth).
  1734 | D:2      | 1734 ||| Stepping ~*~*~tactically~*~*~ (stealth).
  1751 | D:2      | Gained mutation: You have large cloven feet. [demonic
                  | ancestry]
  1751 | D:2      | Reached XP level 4. HP: 35/35 MP: 5/5
  1813 | D:2      | Noticed Natasha
  1814 | D:2      | 1814 ||| Stepping ~*~*~tactically~*~*~ (hiding).
  1923 | D:2      | Reached skill level 1 in Dodging
  1926 | D:2      | Killed Natasha
  2239 | D:2      | 2239 ||| Stepping ~*~*~tactically~*~*~ (stealth).
  2240 | D:2      | 2240 ||| Stepping ~*~*~tactically~*~*~ (stealth).
  2314 | D:2      | Noticed Natasha
  2322 | D:2      | 2322 ||| INVOKING Fiery Armour.
  2323 | D:2      | HP: 7/35 [hobgoblin (2)]
  2325 | D:2      | HP: 2/35 [Natasha (5)]
  2326 | D:2      | Killed Natasha
  2327 | D:2      | Reached skill level 5 in Axes
  2651 | D:2      | Reached XP level 5. HP: 34/41 MP: 6/6
  2986 | D:2      | 2986 ||| UPGRADING to +0 chain mail.
  2996 | D:2      | 2996 ||| DROPPING +0 robe.
  2997 | D:2      | 2997 ||| UPGRADING to +2 pair of gloves.
  3002 | D:2      | 3002 ||| UPGRADING to amulet of regeneration.
  3007 | D:2      | 3007 ||| READING scroll labelled BAXZUSCHAADA.
  3027 | D:2      | 3027 ||| READING scroll labelled MYDALI KEIMN.
  3028 | D:2      | 3028 ||| READING scroll labelled MUVEDO QORIUTTU.
  3129 | D:2      | 3129 ||| READING scroll labelled PINOJY RY CYKH.
  3210 | D:3      | 3210 ||| Stepping ~*~*~tactically~*~*~ (stealth).
  3211 | D:3      | 3211 ||| Stepping ~*~*~tactically~*~*~ (stealth).
  3212 | D:3      | 3212 ||| Stepping ~*~*~tactically~*~*~ (stealth).
  3215 | D:3      | 3215 ||| Stepping ~*~*~tactically~*~*~ (stealth).
  3261 | D:3      | Found Loquineh's Antique Armour Emporium.
  3275 | D:3      | 3275 ||| BUYING embroidered cloak (120 gold).
  3275 | D:3      | Bought an embroidered cloak for 120 gold pieces
  3275 | D:3      | 3275 ||| SHOPLISTING plate armour (368 gold, have 39).
  3275 | D:3      | 3275 ||| SHOPLISTING shiny orb (192 gold, have 39).
  3466 | D:3      | 3466 ||| UPGRADING to +2 cloak.
  3471 | D:3      | 3471 ||| READING 3 scrolls of identify.
  3471 | D:3      | 3471 ||| IDENTIFYING glowing amethyst potion
  3472 | D:3      | 3472 ||| READING 2 scrolls of identify.
  3472 | D:3      | 3472 ||| IDENTIFYING smoky purple potion
  3473 | D:3      | 3473 ||| DROPPING potion of ambrosia.
  3488 | D:4      | Noticed Duvessa
  3488 | D:4      | Noticed Dowan
  3489 | D:4      | 3489 ||| STAIRDANCE
  3493 | D:4      | 3493 ||| STAIRDANCE
  3495 | D:3      | 3495 ||| INVOKING Fiery Armour.
  3503 | D:3      | HP: 10/41 [Duvessa/+4 short sword of speed (7)]
  3504 | D:3      | HP: 4/41 [Duvessa/+4 short sword of speed (6)]
  3504 | D:3      | Slain by Duvessa

Levels and vault maps discovered:
D:1:      wheals_arrival_shading, layout_basic, basic_ecumenical_altar,
          serial_shops, shop, wander_ebering_terrifying_dragon_lair
D:2:      layout_loops_cross, grunt_ministairs_5,
          nicolae_kite_square_tiling_tiny, uniq_natasha
D:3:      layout_rooms, serial_shops, shop
D:4:      layout_rooms, serial_shops, kennysheep_little_box,
          uniq_crazy_yiuf_cottage, uniq_pikel, uniq_duvessa

Skill      XL: |  1  2  3  4 |
---------------+-------------+-----
Axes           | 3 4 5 |  5.1
Dodging        | 1 |  1.0
Fighting       | |  3.0
Armour         | |  0.4
Spellcasting   | |  1.0
Fire Magic     | |  2.6

Action                   |  1- 3 |  4- 6 || total
-------------------------+-------+-------++-------
Melee: Hand axe          |    76 |    73 ||   149
       Kick              |       |    17 ||    17
       Punch             |       |     1 ||     1
Invok: Fiery Armour      |     5 |     2 ||     7
  Use: Scroll            |     5 |     6 ||    11
       Potion            |     2 |       ||     2
Armor: Robe              |    15 |     9 ||    24
       Chain mail        |       |    25 ||    25
Dodge: Dodged            |    35 |    30 ||    65

Table legend:
 A = Non-vault XP
 B = Vault XP
 C = Vault XP percentage of total XP
 D = Non-vault monster count
 E = Vault monster count
 F = Vault count percentage of total count
                 A         B        C        D         E       F
            +---------+---------+-------+---------+---------+-------
      Total |     176 |      40 |  18.5 |      50 |       4 |   7.4
            +---------+---------+-------+---------+---------+-------
        D:1 |      33 |       1 |   2.9 |      20 |       1 |   4.8
        D:2 |     130 |      39 |  23.1 |      22 |       3 |  12.0
        D:3 |      13 |       0 |   0.0 |       8 |       0 |   0.0
            +---------+---------+-------+---------+---------+-------
